 Dungeon Crawl Stone Soup version 0.28-a0-883-gc8d7bad45d (webtiles) character file.

Game seed: 13849319006238230238

52 ders the Digger (level 3, 0/19 HPs)
             Began as a Gargoyle Earth Elementalist on Nov 21, 2021.
             Slain by Terence (5 damage)
             ... on level 2 of the Dungeon.
             The game lasted 00:01:51 (2395 turns).

ders the Digger (Gargoyle Earth Elementalist)       Turns: 2395, Time: 00:01:52

Health: 0/19       AC:  5    Str: 11    XL:     3   Next: 85%
Magic:  0/7        EV: 11    Int: 16    God:
Gold:   63         SH:  0    Dex: 10    Spells: 3/7 levels left

rFire   . . .      SeeInvis .   (no weapon)
rCold   . . .      Faith    .   (no shield)
rNeg    + . .      Spirit   .   b - +0 robe
rPois   ∞          Reflect  .   (no helmet)
rElec   +          Harm     .   (no cloak)
rCorr   .          Rampage  .   (no gloves)
Will    .....                   (no boots)
Stlth   ++........              (no amulet)
HPRegen 0.06/turn               (no ring)
MPRegen 0.10/turn               (no ring)

@: no status effects
A: sickness immunity, AC +3, negative energy resistance 1, electricity
resistance, torment resistance 1, petrification resistance
a: no special abilities


You were on level 2 of the Dungeon.
You visited 1 branch of the dungeon, and saw 2 of its levels.

You collected 63 gold pieces.

Inventory:

Missiles
 c - 20 stones
Armour
 b - a +0 robe (worn)
Scrolls
 a - 4 scrolls of identify {unknown}
 e - a scroll of torment {unknown}
 f - a scroll of teleportation {unknown}
Potions
 d - a potion of magic {unknown}
 g - 2 potions of flight {unknown}


   Skills:
 - Level 1.5 Dodging
 - Level 2.1 Stealth
 + Level 2.6 Spellcasting
 + Level 1.9 Conjurations
 - Level 0.7 Transmutations
 + Level 4.4 Earth Magic


You had 3 spell levels left.
You knew the following spells:

 Your Spells              Type           Power      Damage    Failure   Level
a - Sandblast             Erth           32%        2d9       3%          1
b - Stone Arrow           Conj/Erth      24%        3d8       16%         3

Your spell library contained the following spells:

 Spells                   Type           Power      Damage    Failure   Level
 Passwall                 Tmut/Erth      8%         N/A       11%         2
 Petrify                  Tmut/Erth      10%        N/A       56%         4
 Summon Lightning Spire   Summ/Air       2%         N/A       88%         4
 Storm Form               Tmut/Air       1%         N/A       100%        7
 Maxwell's Capacitive Co  Air            1%         ∞         100%        8


Dungeon Overview and Level Annotations

Branches:
Dungeon (2/15)

Altars:

Annotations:
D:2 Terence


Innate Abilities, Weirdness & Mutations

You are immune to sickness and miasma.
Your stone body is resilient. (AC +3)
You are immune to poison.
You resist negative energy. (rN+)
You are resistant to electric shocks. (rElec)
You are resistant to unholy torment.
You are immune to petrification.


Message History

Terence is lightly wounded.
Terence hits you with a +0 short sword.
Unknown command.
Casting: Sandblast (safe; 3% risk of failure)
Confirm with . or Enter, or press ? or * to list all spells.
Aiming: Sandblast (safe; 3% risk of failure)
Press: ? - help, Shift-Dir - straight line, f/p - Terence
Aim: Terence, wielding a +0 short sword and wearing a +0 chain mail (lightly wounded, 85% to hit)
The blast of sand hits Terence but does no damage.
Terence is lightly wounded.
Terence hits you with a +0 short sword.
Unknown command.
Casting: Sandblast (safe; 3% risk of failure)
Confirm with . or Enter, or press ? or * to list all spells.
Aiming: Sandblast (safe; 3% risk of failure)
Press: ? - help, Shift-Dir - straight line, f/p - Terence
Aim: Terence, wielding a +0 short sword and wearing a +0 chain mail (lightly wounded, 85% to hit)
The blast of sand hits Terence!
Terence is heavily wounded.
Terence hits you with a +0 short sword.
Unknown command.
Casting: Sandblast (safe; 3% risk of failure)
Confirm with . or Enter, or press ? or * to list all spells.
Aiming: Sandblast (safe; 3% risk of failure)
Press: ? - help, Shift-Dir - straight line, f/p - Terence
Aim: Terence, wielding a +0 short sword and wearing a +0 chain mail (heavily wounded, 85% to hit)
The blast of sand hits Terence but does no damage.
Terence is heavily wounded.
Terence hits you with a +0 short sword.
* * * LOW HITPOINT WARNING * * *
Unknown command.
Casting: Sandblast (safe; 3% risk of failure)
Confirm with . or Enter, or press ? or * to list all spells.
Aiming: Sandblast (safe; 3% risk of failure)
Press: ? - help, Shift-Dir - straight line, f/p - Terence
Aim: Terence, wielding a +0 short sword and wearing a +0 chain mail (heavily wounded, 85% to hit)
The blast of sand hits Terence but does no damage.
Terence is heavily wounded.
Terence hits you with a +0 short sword.
You die...

#........###.# #.#...
###......# #.# #.#...
#......# #.###.#...
#......# #.#...#...
###....# #.#.######
#....# #.#.##.... #....#
#.#.##.... #####....#
#.#.##.... #...@....#
#.#.###### #.###@...#
#.#....... #.#
....###.######## #.#
....+.....#
#######.##.....###.#+####
#........#..........†...#
#.########....#####.....#
#.# #....#....+.........#
#.###.##.#....####......#


You could see Terence.

Vanquished Creatures
  An adder skeleton (D:2)
  3 dart slugs
  2 ball pythons (D:1)
  5 bats
  5 endoplasms
  2 giant cockroaches
  7 hobgoblins
  2 quokkas (D:1)
  A frilled lizard (D:1)
  3 goblins
  3 kobolds (D:1)
  5 rats
39 creatures vanquished.

Notes
Turn   | Place    | Note
-------+----------+-------------------------------------------
     0 | D:1      | ders the Gargoyle Earth Elementalist began the quest for
                  | the Orb.
     0 | D:1      | Reached XP level 1. HP: 10/10 MP: 3/3
   118 | D:1      | Reached XP level 2. HP: 5/15 MP: 1/5
   404 | D:1      | Reached skill level 1 in Conjurations
   504 | D:1      | Reached skill level 4 in Earth Magic
   672 | D:1      | Found a faded altar of an unknown god.
  1252 | D:1      | Reached XP level 3. HP: 19/19 MP: 2/6
  1312 | D:1      | Learned a level 3 spell: Stone Arrow
  2387 | D:2      | Noticed Terence
  2395 | D:2      | Slain by Terence

Illustrated notes

Levels and vault maps discovered:
D:1:      shiori_arrival_elements, layout_basic, serial_forest,
          infiniplex_forest_lined_2, infiniplex_forest_zigzag_1,
          infiniplex_forest_clump_diagonal, infiniplex_forest_split,
          shapermc_ecumenical_altar_totnotflames, minmay_misc_feat_tiny,
          minmay_pentomino_v4
D:2:      layout_basic, uniq_terence

Skill      XL: |  1  2 |
---------------+-------+-----
Conjurations   | 1 |  1.9
Earth Magic    | 4 |  4.4
Dodging        | |  1.5
Stealth        | |  2.1
Spellcasting   | |  2.6
Transmutations | |  0.7

Action                   || total
-------------------------++-------
Melee: Unarmed           ||    11
 Cast: Sandblast         ||    65
Armor: Robe              ||     6
Dodge: Dodged            ||    19

Table legend: (Time is in decaauts)
 A = Elapsed time spent in this place.
 B = Non-inter-level travel time spent in this place.
 C = Inter-level travel time spent in this place.
 D = Time resting spent in this place.
 E = Time spent auto-exploring this place.
 F = Levels seen in this place.
 G = Mean time per level.
                   A        B        C        D        E       F      G
               +--------+--------+--------+--------+--------+-----+--------+
         Total |   2394 |   2391 |      3 |    476 |   1703 |   2 | 1197.0 |
       Dungeon |   2394 |   2391 |      3 |    476 |   1703 |   2 | 1197.0 |
               +--------+--------+--------+--------+--------+-----+--------+

Top non-repeatable levels by time:
     D:1: 1600 daAuts
     D:2: 794 daAuts
